 Dungeon Crawl Stone Soup version 0.27-a0-668-gb5737ff2c0 (webtiles) character file.

Game seed: 6576161917225219544

91 robertstho the Ruffian (level 4, 0/45 HPs)
             Began as a Troll Fighter on Mar 17, 2021.
             Slain by Sigmund
             ... wielding a +0 scythe
              (4 damage)
             ... on level 3 of the Dungeon.
             The game lasted 00:02:38 (1853 turns).

robertstho the Ruffian (Troll Fighter)              Turns: 1853, Time: 00:02:38

Health: 0/45       AC:  5    Str: 24    XL:     4   Next: 34%
Magic:  0/3        EV:  8    Int:  5    God:
Gold:   63         SH:  0    Dex:  9    Spells: 3/3 levels left

rFire    . . .     SeeInvis .     - Unarmed
rCold    . . .     Faith    .   b - +0 kite shield
rNeg     . . .     Spirit   +   a - +0 robe
rPois    .         Reflect  .   (helmet restricted)
rElec    .         Harm     .   f - +0 cloak
rCorr    .         Rampage  .   (gloves unavailable)
Will     .....                  (boots unavailable)
Stlth    +.........             e - amulet of guardian spirit
HPRegen  1.15/turn              (no ring)
MPRegen  0.08/turn              (no ring)

@: confused
A: large, unfitting armour, claws 3, regeneration 1, shaggy fur 1, tough skin 1
a: no special abilities


You were on level 3 of the Dungeon.
You visited 1 branch of the dungeon, and saw 3 of its levels.

You collected 63 gold pieces.

Inventory:

Armour
 a - a +0 robe (worn)
 b - a +0 kite shield (worn)
 f - a +0 cloak (worn)
Jewellery
 e - an amulet of guardian spirit (around neck)
Scrolls
 d - 2 scrolls of brand weapon
 h - a scroll of enchant armour
Potions
 c - a potion of might


   Skills:
 * Level 3.0 Fighting
 + Level 2.7 Dodging
 + Level 0.1 Stealth
 + Level 2.7 Shields
 * Level 3.3 Unarmed Combat


You had 3 spell levels left.
You didn't know any spells.
Your spell library was empty.

Dungeon Overview and Level Annotations

Branches:
Dungeon (3/15)

Altars:

Annotations:
D:3 Sigmund


Innate Abilities, Weirdness & Mutations

You are too large for most types of armour.
You have claws for hands.
Your natural rate of healing is unusually fast.
You are covered in fur. (AC +1)
You have tough skin. (AC +1)


Message History

No target in view!
You closely miss something. Something hits you!
You barely miss something. Something hits you! x2
You claw something! Something hits you!
* * * LOW HITPOINT WARNING * * *
You claw something! You closely miss something. Something hits you!
* * * LOW HITPOINT WARNING * * *
Okay, then.
As you read the scroll labelled NESHRE LALO, it crumbles to dust.
It is a scroll of identify.
h - a scroll of enchant armour You hear some strange, mumbled words.
Something tries to affect you, but you resist.
You aren't carrying any items that you can evoke.
Okay, then.
You hear some strange, mumbled words.
A puff of flame appears from out of thin air!
You block the puff of flame.
You hear some strange, mumbled words.
You are confused.
You bump into the rock wall.
A magic dart appears from out of thin air!
The magic dart hits you!
* * * LOW HITPOINT WARNING * * *
You hear some strange, mumbled words.
You are more confused.
Something hits you.
* * * LOW HITPOINT WARNING * * *
You bump into the rock wall.
Something hits you!
* * * LOW HITPOINT WARNING * * *
You hear some strange, mumbled words.
You are more confused.
You're too confused to move!
A puff of flame appears from out of thin air!
The puff of flame hits you!
* * * LOW HITPOINT WARNING * * *
There is a stone staircase leading up here.
Something hits you.
You die...

.####...................>
......##......##....#####
########......##....#
......##......##....#
#####'##...)..###.#.#
...........†#.....#.#
............#.....#.#
......).....#.....#.#
............##..@.#.#
............##...##.#
#####...............#
##########...#### #...#
#####


There were no monsters in sight!

Vanquished Creatures
  2 adders (D:2)
  A worm (D:2)
  4 dart slugs
  2 leopard geckos
  An orc (D:3)
  2 giant cockroaches
  7 goblins
  5 hobgoblins
  3 jackals (D:2)
  9 kobolds
  2 quokkas
  A ball python (D:2)
  7 bats
  2 frilled lizards
  9 rats
57 creatures vanquished.

Notes
Turn   | Place    | Note
-------+----------+-------------------------------------------
     0 | D:1      | robertstho the Troll Fighter began the quest for the Orb.
     0 | D:1      | Reached XP level 1. HP: 22/22 MP: 0/0
    68 | D:1      | Reached XP level 2. HP: 29/29 MP: 1/1
   523 | D:1      | Reached XP level 3. HP: 36/36 MP: 2/2
  1342 | D:2      | Reached XP level 4. HP: 45/45 MP: 3/3
  1828 | D:3      | Noticed Sigmund
  1851 | D:3      | HP: 1/45 [something/puff of flame (8)]
  1853 | D:3      | Slain by Sigmund

Illustrated notes

Levels and vault maps discovered:
D:1:      elethiomel_arrival_infinity_welcomes_careful_drivers, layout_basic,
          minmay_misc_feat_square, minmay_stone_trees_medium, glass_columns_b
D:2:      layout_basic
D:3:      layout_basic, serial_shops, shop, portal_sewer_entry_e,
          kennysheep_generic_room_15, uniq_sigmund

Skill      XL: |  1  2  3 |
---------------+----------+-----
Fighting       | 3 |  3.0
Unarmed Combat | 3 |  3.3
Dodging        | |  2.7
Stealth        | |  0.1
Shields        | |  2.7

Action                   |  1- 3 |  4- 6 || total
-------------------------+-------+-------++-------
Melee: Unarmed           |   150 |    45 ||   195
  Use: Scroll            |     1 |     1 ||     2
Armor: Robe              |    46 |    19 ||    65
Dodge: Dodged            |    53 |    13 ||    66
Block: Kite shield       |    68 |    12 ||    80

Table legend: (Time is in decaauts)
 A = Elapsed time spent in this place.
 B = Non-inter-level travel time spent in this place.
 C = Inter-level travel time spent in this place.
 D = Time resting spent in this place.
 E = Time spent auto-exploring this place.
 F = Levels seen in this place.
 G = Mean time per level.
                   A        B        C        D        E       F      G
               +--------+--------+--------+--------+--------+-----+--------+
         Total |   1886 |   1795 |     91 |      0 |   1397 |   3 |  628.7 |
       Dungeon |   1886 |   1795 |     91 |      0 |   1397 |   3 |  628.7 |
               +--------+--------+--------+--------+--------+-----+--------+

Top non-repeatable levels by time:
     D:1: 885 daAuts
     D:2: 864 daAuts
     D:3: 136 daAuts
